 Dungeon Crawl Stone Soup version 0.26-a0-712-ga5a9c9c9d0 (webtiles) character file.

Game seed: 3695304621014469685

10314 kae the Grappler (level 11, -8/63 (67) HPs)
             Began as an Octopode Transmuter on Nov 6, 2020.
             Was a Priest of Hepliaklqana.
             Shot with an arrow by a centaur warrior (22 damage)
             ... on level 11 of the Dungeon.
             The game lasted 00:13:07 (14010 turns).

kae the Grappler (Octopode Transmuter)             Turns: 14010, Time: 00:13:08

HP:   -8/63 (67)    AC:  5    Str: 14    XL:     11   Next: 60%
MP:   14/15         EV: 17    Int: 21    God:    Hepliaklqana [***...]
Gold: 460           SH:  0    Dex: 12    Spells: 7/16 levels left

rFire    . . .     SeeInvis +     - Unarmed
rCold    . . .     Faith    .   (no shield)
rNeg     . . .     Spirit   .   (helmet restricted)
rPois    +         Reflect  .   (no amulet)
rElec    .         Harm     .   b - +4 ring of protection
rCorr    +         Rampage  .   g - ring of poison resistance
MR       .....                  h - ring of see invisible
Stlth    ++........             k - ring of resist corrosion
HPRegen  0.20/turn              m - +6 ring of intelligence
MPRegen  0.14/turn              (no ring)
                                (no ring)
                                (no ring)

@: no status effects
A: almost no armour, stealthy swim, amphibious, 8 rings, constrict 8, reduced
essence, camouflage 1, gelatinous body 1
a: Recall Ancestor, Ancestor Identity, Transference, Renounce Religion


You were on level 11 of the Dungeon.
You worshipped Hepliaklqana.
Hepliaklqana was most pleased with you.
You visited 2 branches of the dungeon, and saw 12 of its levels.
You also visited: Sewer.

You collected 536 gold pieces.
You spent 76 gold pieces at shops.

Inventory:

Jewellery
 b - a +4 ring of protection (left tentacle)
 g - a ring of poison resistance (right tentacle)
 h - a ring of see invisible (on tentacle)
 k - a ring of resist corrosion (on tentacle)
 m - a +6 ring of intelligence (on tentacle)
 r - an uncursed ring of ice
Wands
 w - a wand of enslavement (8)
 y - a wand of paralysis (17)
Scrolls
 a - 2 scrolls of magic mapping
 i - 2 scrolls of teleportation
 l - 2 scrolls of enchant armour
 o - 3 scrolls of remove curse
 u - a scroll of random uselessness {unknown}
 x - 3 scrolls of enchant weapon
 z - 2 scrolls of blinking
 A - a scroll of torment {unknown}
 B - a scroll of fear {unknown}
Potions
 c - 2 potions of invisibility
 d - 5 potions of mutation
 e - a potion of haste
 f - 6 potions of flight
 j - a potion of heal wounds
 n - 7 potions of curing
 p - a potion of resistance
 q - a potion of cancellation
 s - 4 potions of degeneration
 t - a potion of berserk rage {unknown}
 v - 2 potions of magic {unknown}


   Skills:
 + Level 7.3 Fighting
 + Level 7.4 Dodging
 * Level 10.6 Unarmed Combat
 - Level 3.0 Spellcasting
 * Level 10.4 Transmutations
 - Level 2.0 Poison Magic


You had 7 spell levels left.
You knew the following spells:

 Your Spells              Type           Power        Failure   Level
a - Beastly Appendage     Tmut           #####.       1%          1
b - Spider Form           Tmut/Pois      ####......   3%          3
c - Blade Hands           Tmut           #####.....   4%          5

Your spell library contained the following spells:

 Spells                   Type           Power        Failure   Level
 Wereblood                Tmut           #####...     1%          2
 Ice Form                 Ice/Tmut       ####....     16%         4
 Bolt of Magma            Conj/Fire/Erth #.........   98%         5
 Iskenderun's Battlesphe  Conj           #.......     98%         5
 Iron Shot                Conj/Erth      #.........   100%        6
 Orb of Destruction       Conj           #.........   100%        7
 Spellforged Servitor     Conj/Summ      #.........   100%        7


Dungeon Overview and Level Annotations

Branches:
Dungeon (11/15)            Temple (1/1) D:5            Lair (0/6) D:8
    Orc (0/2) D:9           Sewer (visited)

Altars:
Ashenzari
Cheibriados
Dithmenos
Elyvilon
Fedhas
Gozag
Hepliaklqana
Kikubaaqudgha
Makhleb
Nemelex Xobeh
Okawaru
Qazlal
Ru
Sif Muna
Trog
Uskayaw
Vehumet
Wu Jian
Xom
Yredelemnul
Zin
The Shining One

Shops:
D:7 *

Annotations:
D:3 2 runed translucent doors, Yorgos's ghost, amateur DEIE


Innate Abilities, Weirdness & Mutations

You cannot wear most types of armour.
You are very stealthy in the water. (Stealth+)
You are amphibious.
You can wear up to eight rings at the same time.
You can use your tentacles to constrict eight enemies at once.
Your skin changes colour to match your surroundings (Stealth+).
Your rubbery body absorbs attacks. (AC +1, EV +1)
Your life essence is reduced to manifest your ancestor. (-10% HP)


Message History

The yak is severely wounded.
The yak completely misses you.
You hit the yak but do no damage.
The yak is severely wounded.
The yak gores you!
* * * LOW HITPOINT WARNING * * *
You slice the yak!!
You kill the yak!
You swap places.
Your tentacles revert to their normal proportions.
You start resting.
A centaur warrior comes into view.
The centaur warrior shouts!
The centaur warrior wields a +0 shortbow.
The centaur warrior shoots an arrow.
The arrow closely misses you.
The centaur warrior shoots an arrow.
The arrow barely misses you.
The arrow hits Zimri-Dagan!!
There is an escape hatch in the ceiling here.
The centaur warrior shoots an arrow.
The arrow hits you!!
You die...

##.....#####.# #.. ......
..........##.# #.. #####
##......#....# #.#
###...#...#### #†# ###### #
##.....## #.# #..... # #####.#
#.# #.#### # #.# #.# #.#
#.##########.# #.#
#...c....@R(.# #.# #
#.############ #.# ########.#
#.# .........# #.# ##########
#.# ########### #.#
.........^##################.#
#########...................>#
# ######################


You could see the friendly Zimri-Dagan the hexer and a centaur warrior.

Vanquished Creatures
  A two-headed ogre (D:9)
  Psyche (D:10)
  Joseph (D:10)
  A gargoyle (D:10)
  Maggie (D:10)
  2 trolls
  Prince Ribbit (D:5)
  Grinder (D:3)
  A wraith (D:9)
  9 yaks
  Grum (D:10)
  2 two-headed ogre zombies (D:9)
  Duvessa (D:5)
  A black bear (D:8)
  2 sky beasts
  2 necrophages (D:9)
  5 orc warriors
  2 phantoms
  7 ogres
  2 centaurs
  4 wolves (D:10)
  3 big kobolds
  6 bullfrogs
  Blork the orc (D:4)
  Dowan (D:5)
  3 scorpions
  10 killer bees
  2 troll zombies (D:9)
  6 wights
  A centaur zombie (D:6)
  2 bullfrog zombies
  6 orc priests
  3 hounds
  6 orc wizards
  3 human zombies (D:9)
  4 jellies
  3 bullfrog skeletons
  Jessica (D:2)
  A hexer (D:9)
  An iguana (D:10)
  A human skeleton (D:9)
  5 worker ants
  5 ogre zombies (D:9)
  A hound skeleton (D:4)
  2 mummies (D:9)
  A worker ant zombie (D:7)
  9 gnolls
  3 river rats (Sewer)
  3 adders
  A shadow imp (D:6)
  2 white imps
  3 ufetubi (D:5)
  An ooze (D:1)
  An adder zombie (D:6)
  2 adder skeletons
  2 worms
  5 dart slugs (D:1)
  4 leopard geckos
  20 orcs
  10 bats
  3 giant cockroaches
  6 goblins
  5 hobgoblins
  12 jackals
  8 quokkas
  2 ball pythons
  3 frilled lizards
  A giant cockroach zombie (D:5)
  A goblin skeleton (D:9)
  3 goblin zombies (D:9)
  5 hobgoblin zombies (D:9)
  17 kobolds
  4 orc skeletons (D:9)
  11 orc zombies (D:9)
  10 rats
283 creatures vanquished.

Vanquished Creatures (collateral kills)
  A steam dragon (D:10)
  A phantom (D:9)
  An ice beast (D:10)
  A bullfrog (D:6)
  A wight (D:6)
  A hound (D:6)
  2 orc priests (D:6)
  A gnoll (D:5)
  A kobold (D:7)
  A goblin zombie (D:9)
  2 orc zombies (D:9)
13 creatures vanquished.

Vanquished Creatures (others)
  4 hexers (D:9)
  6 ancestors
  2 fungi (D:8)
  5 plants (D:8)
17 creatures vanquished.

Grand Total: 313 creatures vanquished

Notes
Turn   | Place    | Note
-------+----------+-------------------------------------------
     0 | D:1      | kae the Octopode Transmuter began the quest for the Orb.
     0 | D:1      | Reached XP level 1. HP: 13/13 MP: 3/3
    95 | D:1      | Reached XP level 2. HP: 16/18 MP: 5/5
   342 | D:1      | Reached XP level 3. HP: 16/23 MP: 6/6
   347 | D:1      | Learned a level 3 spell: Spider Form
  1017 | D:2      | Noticed Jessica
  1022 | D:2      | Killed Jessica
  1022 | D:2      | Reached XP level 4. HP: 22/28 MP: 7/7
  1192 | D:2      | Found a sacrificial altar of Ru.
  1467 | D:2      | Reached skill level 1 in Poison Magic
  1846 | D:2      | Found a glowing silver altar of Zin.
  2059 | D:3      | Found a runed translucent door.
  2059 | D:3      | Noticed a bullfrog
  2059 | D:3      | Noticed Yorgos's ghost (amateur DEIE)
  2750 | D:3      | Noticed Grinder
  3042 | D:3      | Found a runed translucent door.
  3151 | D:4      | Found a radiant altar of Vehumet.
  3156 | D:4      | Found a stormy altar of Qazlal.
  3159 | D:4      | Found a glowing golden altar of the Shining One.
  3178 | D:4      | Found a glowing drain.
  3179 | D:4      | Reached XP level 5. HP: 34/34 MP: 6/8
  3304 | Sewer    | Entered a sewer
  3446 | Sewer    | Noticed a big kobold
  3461 | Sewer    | Killed a big kobold
  3461 | Sewer    | Reached XP level 6. HP: 39/39 MP: 5/10
  3770 | Sewer    | Found a white marble altar of Elyvilon.
  3834 | D:4      | Found an iron altar of Okawaru.
  4068 | D:4      | Noticed Blork the orc
  4076 | D:4      | Killed Blork the orc
  4224 | D:4      | Reached XP level 7. HP: 41/45 MP: 11/11
  4304 | D:4      | Found a white marble altar of Elyvilon.
  4309 | D:4      | Found a shimmering altar of Xom.
  4371 | D:3      | Killed Grinder
  4371 | D:3      | Reached skill level 5 in Unarmed Combat
  4603 | D:5      | Entered Level 5 of the Dungeon
  4607 | D:5      | Found a staircase to the Ecumenical Temple.
  4620 | Temple   | Entered the Ecumenical Temple
  4684 | Temple   | Became a worshipper of Hepliaklqana the Forgotten
  4720 | D:5      | Noticed Duvessa
  4721 | D:5      | Noticed Dowan
  4740 | D:5      | Killed Duvessa
  4873 | D:5      | Killed Dowan
  5061 | D:5      | Reached skill level 5 in Transmutations
  5061 | D:5      | Reached XP level 8. HP: 20/46 MP: 9/12
  5748 | D:5      | Noticed Prince Ribbit
  5774 | D:5      | Killed Prince Ribbit
  6338 | D:6      | Found an ancient bone altar of Kikubaaqudgha.
  6718 | D:6      | Reached * piety under Hepliaklqana
  6870 | D:6      | Found a burning altar of Makhleb.
  7183 | D:5      | Reached XP level 9. HP: 19/53 MP: 11/13
  7714 | D:6      | Learned a level 5 spell: Blade Hands
  7935 | D:6      | Reached skill level 5 in Dodging
  8083 | D:7      | Found Yboubb's Assorted Antiques.
  8131 | D:7      | Bought a ruby potion for 18 gold pieces
  8131 | D:7      | Bought a scroll labeled TATWIN ULEOGAIS for 21 gold pieces
  8131 | D:7      | Bought 2 fizzy black potions for 37 gold pieces
  8357 | D:6      | Reached skill level 5 in Fighting
  9177 | D:8      | Found a hide-covered altar of Uskayaw.
  9400 | D:8      | Reached XP level 10. HP: 48/59 MP: 8/14
  9564 | D:8      | Found a staircase to the Lair.
  9771 | D:8      | Reached ** piety under Hepliaklqana
  9772 | D:8      | Remembered your ancestor Zimri-Dagan as a hexer
 10792 | D:9      | Found a staircase to the Orcish Mines.
 11204 | D:9      | Noticed a two-headed ogre
 11213 | D:9      | Killed a two-headed ogre
 11795 | D:9      | Found a basalt altar of Yredelemnul.
 11947 | D:9      | Reached XP level 11. HP: 55/62 MP: 9/15
 12195 | D:10     | Entered Level 10 of the Dungeon
 12204 | D:10     | Noticed Psyche
 12215 | D:10     | Killed Psyche
 12215 | D:10     | Reached skill level 10 in Unarmed Combat
 12353 | D:10     | Noticed Maggie
 12378 | D:10     | Killed Maggie
 12414 | D:10     | Noticed Grum
 12425 | D:10     | Killed Grum
 12543 | D:10     | Reached *** piety under Hepliaklqana
 12595 | D:10     | Reached skill level 10 in Transmutations
 13598 | D:10     | Noticed Joseph
 13609 | D:10     | Killed Joseph
 14007 | D:11     | Noticed a centaur warrior
 14010 | D:11     | Shot with an arrow by a centaur warrior

Illustrated notes

Levels and vault maps discovered:
D:1:      tarquinn_simple_flora_water_d, layout_rooms
D:2:      layout_loops_ring, marbit_many_paths, nicolae_ru_awakened_eye,
          eino_tiny_chamber, uniq_jessica
D:3:      layout_basic, ebering_ghost_sewer_f, uniq_grinder
D:4:      layout_basic, lemuel_crystal_altar, minmay_overflow_temple_star_quad,
          amethyst_overflow_temple_binary, cheibrodos_sewer_entry_drain,
          uniq_blork_the_orc
D:5:      layout_loops_ring, minmay_temple_entry_statues_pillars, uniq_duvessa,
          uniq_prince_ribbit1
D:6:      layout_basic, lemuel_crystal_altar, lemuel_crystal_altar
D:7:      layout_rooms, serial_shops, shop, minmay_misc_feat_plants
D:8:      layout_basic, eat_drink_and_be_merry_uskayaw,
          grunt_lair_entry_orc_guard_hut
D:9:      layout_roguey, lemuel_mausoleum_altar_yredelemnul, zombieorc2_lemuel
D:10:     layout_gridville, chequers_serial_rivers_room_b, serial_bayou_pond_b,
          uniq_joseph, uniq_psyche, uniq_maggie, uniq_grum
D:11:     layout_loops_ring, serial_shops, shop, shop, kennysheep_mini,
          uniq_fannar
Temple:   zaba_magenta_temple

Skill      XL: |  1  2  3  4  5  6  7  8  9 10 11 |
---------------+----------------------------------+-----
Poison Magic   | 1 2 |  2.0
Transmutations | 3 4 5 6 8 9 10 | 10.4
Fighting       | 2 3 4 5 6 7 |  7.3
Unarmed Combat | 4 5 6 8 9 10 | 10.6
Dodging        | 3 4 5 6 7 |  7.4
Spellcasting   | 3 |  3.0

Action                   |  1- 3 |  4- 6 |  7- 9 | 10-12 || total
-------------------------+-------+-------+-------+-------++-------
Melee: Unarmed           |    61 |   141 |   274 |   298 ||   774
       Kick              |    12 |    16 |     9 |     5 ||    42
       Constrict         |    16 |    37 |    37 |    36 ||   126
       Tentacles         |     5 |    15 |    29 |    49 ||    98
       Punch             |     6 |     3 |     7 |    19 ||    35
 Cast: Beastly Appendage |    11 |    15 |     7 |     4 ||    37
       Spider Form       |       |     5 |    13 |       ||    18
       Blade Hands       |       |       |     8 |    28 ||    36
Invok: Ancestor Life: He |       |       |       |     1 ||     1
 Abil: End Transformatio |       |       |       |     1 ||     1
  Use: Scroll            |     1 |     6 |    11 |     1 ||    19
       Potion            |       |       |     4 |     1 ||     5
 Stab: Sleeping          |    10 |     6 |       |     9 ||    25
       Confused          |       |       |       |     4 ||     4
       Distracted        |       |       |       |     3 ||     3
Armor: Skin              |     2 |    12 |    37 |    25 ||    76
Dodge: Dodged            |    40 |    80 |   241 |   160 ||   521

Table legend: (Time is in decaauts)
 A = Elapsed time spent in this place.
 B = Non-inter-level travel time spent in this place.
 C = Inter-level travel time spent in this place.
 D = Time resting spent in this place.
 E = Time spent auto-exploring this place.
 F = Levels seen in this place.
 G = Mean time per level.
                   A        B        C        D        E       F      G
               +--------+--------+--------+--------+--------+-----+--------+
         Total |  13918 |  13663 |    255 |   2045 |   9633 |  13 | 1070.6 |
       Dungeon |  13340 |  13098 |    242 |   1695 |   9493 |  11 | 1212.7 |
        Temple |     77 |     65 |     12 |      0 |     57 |   1 |   77.0 |
         Sewer |    500 |    500 |      0 |    350 |     83 |   1 |  500.0 |
               +--------+--------+--------+--------+--------+-----+--------+

Top non-repeatable levels by time:
     D:9: 2033 daAuts
     D:5: 1722 daAuts
    D:10: 1594 daAuts
     D:6: 1561 daAuts
     D:3: 1326 daAuts
     D:8: 1125 daAuts
     D:2: 1066 daAuts
     D:1: 966 daAuts
     D:7: 904 daAuts
     D:4: 838 daAuts
   Sewer: 500 daAuts
    D:11: 201 daAuts
  Temple: 77 daAuts
